 Dungeon Crawl Stone Soup version 0.28-a0-793-g31680bbd8b (webtiles) character file.

Game seed: 13921637377106957315

119 kae the Caller (level 5, 0/38 HPs)
             Began as a Merfolk Summoner on Nov 4, 2021.
             Killed by divine providence
             ... invoked by an orc priest
              (12 damage)
             ... on level 3 of the Dungeon.
             The game lasted 00:02:28 (4026 turns).

kae the Caller (Merfolk Summoner)                   Turns: 4026, Time: 00:02:28

Health: 0/38       AC:  4    Str:  9    XL:     5   Next: 3%
Magic:  3/9        EV: 12    Int: 15    God:
Gold:   68         SH:  0    Dex: 14    Spells: 3/9 levels left

rFire   . . .      SeeInvis .   j - +2 mace (protect)
rCold   . . .      Faith    .   (no shield)
rNeg    . . .      Spirit   .   a - +0 robe
rPois   .          Reflect  .   (no helmet)
rElec   .          Harm     .   f - +1 cloak
rCorr   .          Rampage  .   (no gloves)
Will    .....                   (no boots)
Stlth   ++........              (no amulet)
HPRegen 0.12/turn               (no ring)
MPRegen 0.11/turn               (no ring)

@: no status effects
A: (nimble swimmer 2), mertail
a: no special abilities


You were on level 3 of the Dungeon.
You visited 1 branch of the dungeon, and saw 3 of its levels.

You collected 68 gold pieces.

Inventory:

Hand Weapons
 d - a +1 short sword
 j - a +2 mace of protection (weapon)
Armour
 a - a +0 robe (worn)
 f - a +1 cloak (worn)
Scrolls
 l - a scroll of immolation {unknown}
Potions
 b - a potion of might
 c - a potion of attraction {unknown}
 e - 2 potions of curing
 g - a potion of heal wounds {unknown}
 h - a potion of lignification {unknown}
 i - a potion of mutation {unknown}
 k - 2 potions of brilliance {unknown}


   Skills:
 + Level 2.2 Fighting
 - Level 2.6 Dodging
 - Level 2.1 Stealth
 + Level 2.8 Spellcasting
 * Level 5.2 Summonings


You had 3 spell levels left.
You knew the following spells:

 Your Spells              Type           Power      Damage    Failure   Level
a - Summon Small Mammal   Summ           68%        N/A       2%          1
b - Call Imp              Summ           17%        N/A       3%          2
c - Call Canine Familiar  Summ           17%        N/A       7%          3

Your spell library contained the following spells:

 Spells                   Type           Power      Damage    Failure   Level
 Summon Guardian Golem    Hex/Summ       9%         N/A       22%         3
 Portal Projectile        Hex/Tloc       4%         N/A       52%         3
 Summon Lightning Spire   Summ/Air       9%         N/A       56%         4
 Blade Hands              Tmut           1%         N/A       99%         5
 Excruciating Wounds      Necr           1%         N/A       99%         5


Dungeon Overview and Level Annotations

Branches:
Dungeon (3/15)

Altars:
Wu Jian

Annotations:
D:2 1 runed translucent door, Crazy Yiuf


Innate Abilities, Weirdness & Mutations

((You are quick and stealthy near water. (Stealth+, EV+, Speed+++)))
Your lower body shifts to a powerful aquatic tail in water.


Message History

The hobgoblin closely misses you.
A hobgoblin is nearby!
You hit the hobgoblin.
You kill the hobgoblin!
No target in view!
HP restored.
Found a stone staircase leading up.
No target in view!
No target in view!
There is a stone staircase leading up here.
An orc wizard is nearby!
An orc wizard is nearby!
An orc wizard is nearby!
An orc wizard is nearby!
Casting: Summon Small Mammal (safe; 2% risk of failure)
Confirm with . or Enter, or press ? or * to list all spells.
A beastly little devil appears in a puff of flame.
The orc priest shouts!
The orc wizard shouts!
You hear a shout! x2
The orc priest invokes the aid of Beogh against you.
Beogh smites you!
Casting: Call Imp (safe; 3% risk of failure)
Confirm with . or Enter, or press ? or * to list all spells.
The orc wizard points at you and mumbles some strange words.
The magic dart hits your bat.
Your bat dies!
Your bat's corpse disappears in a puff of smoke!
Your crimson imp barely misses the orc wizard.
Your crimson imp blinks!
Casting: Summon Small Mammal (safe; 2% risk of failure)
Confirm with . or Enter, or press ? or * to list all spells.
The orc priest invokes the aid of Beogh against you.
Beogh smites you!
Your hound bites the orc wizard but does no damage.
The orc wizard casts a spell at you. The puff of flame hits you.
* * * LOW HITPOINT WARNING * * *
Your hound barely misses the orc wizard.
The orc priest mumbles some strange prayers to Beogh against you.
Beogh smites you!
You die...

#.# #.....#
###.# ##...##
##.#.# ##.##
##....# #.#
#.....# #.#
##.<.## #+#
##.## #.# #
.#######@##.## #
...ooo..5....# +
.....§h.........
#
####..#......###
#..#.....## #.
#.....# #.
#.....# #
###..## #+# ..#
#.###


You could see an orc priest, 2 orc wizards, a friendly hound (summoned) and a
friendly crimson imp (summoned).

Vanquished Creatures
  An orc wizard (D:3)
  An adder (D:2)
  3 dart slugs (D:1)
  3 orcs (D:3)
  5 endoplasms
  4 goblins
  4 hobgoblins
  3 kobolds (D:1)
  2 quokkas (D:2)
  A ball python (D:1)
  A bat (D:1)
  2 frilled lizards
  6 rats
36 creatures vanquished.

Vanquished Creatures (collateral kills)
  Terence (D:2)
  A dart slug (D:1)
  An endoplasm (D:2)
  A goblin (D:2)
  A quokka (D:2)
  A ball python (D:3)
  2 bats
  A frilled lizard (D:1)
  2 kobolds
  2 rats
13 creatures vanquished.

Vanquished Creatures (others)
  12 plants (D:1)
12 creatures vanquished.

Grand Total: 61 creatures vanquished

Notes
Turn   | Place    | Note
-------+----------+-------------------------------------------
     0 | D:1      | kae the Merfolk Summoner began the quest for the Orb.
     0 | D:1      | Reached XP level 1. HP: 13/13 MP: 3/3
   740 | D:1      | Reached XP level 2. HP: 18/20 MP: 3/5
  1130 | D:1      | Reached skill level 1 in Fighting
  1464 | D:1      | Reached XP level 3. HP: 26/26 MP: 4/6
  1773 | D:2      | Found a runed translucent door.
  1774 | D:2      | Noticed Crazy Yiuf
  1805 | D:2      | Noticed Terence
  2027 | D:1      | Learned a level 2 spell: Call Imp
  2031 | D:1      | Learned a level 3 spell: Call Canine Familiar
  2156 | D:2      | Found an ornate altar of the Wu Jian Council.
  2788 | D:2      | HP: 1/26 [Terence (8)]
  2788 | D:2      | Killed Terence
  2789 | D:2      | Reached XP level 4. HP: 2/33 MP: 3/7
  3628 | D:3      | Reached skill level 5 in Summonings
  3879 | D:3      | Reached XP level 5. HP: 38/38 MP: 9/9
  4026 | D:3      | Killed from afar by an orc priest

Illustrated notes

Levels and vault maps discovered:
D:1:      minmay_arrival_plants_in_alcoves, layout_basic, st_stairs_2
D:2:      layout_rooms, basic_altar, uniq_crazy_yiuf_cottage, uniq_terence
D:3:      layout_loops_corners, hellmonk_ecumenical_altar_pennies_from_heaven,
          palyth_stone_intersect, uniq_jessica

Skill      XL: |  1  2  3  4 |
---------------+-------------+-----
Fighting       | 1 2 |  2.2
Summonings     | 5 |  5.2
Dodging        | |  2.6
Stealth        | |  2.1
Spellcasting   | |  2.8

Action                   |  1- 3 |  4- 6 || total
-------------------------+-------+-------++-------
Melee: Short sword       |    88 |     5 ||    93
       Unarmed           |     6 |       ||     6
       Mace              |       |    46 ||    46
 Cast: Summon Small Mamm |    24 |     8 ||    32
       Call Imp          |     5 |     4 ||     9
       Call Canine Famil |       |     1 ||     1
  Use: Scroll            |     2 |     2 ||     4
 Stab: Sleeping          |     1 |     1 ||     2
Armor: Robe              |    24 |    34 ||    58
Dodge: Dodged            |    76 |    40 ||   116

Table legend: (Time is in decaauts)
 A = Elapsed time spent in this place.
 B = Non-inter-level travel time spent in this place.
 C = Inter-level travel time spent in this place.
 D = Time resting spent in this place.
 E = Time spent auto-exploring this place.
 F = Levels seen in this place.
 G = Mean time per level.
                   A        B        C        D        E       F      G
               +--------+--------+--------+--------+--------+-----+--------+
         Total |   4056 |   3908 |    148 |    758 |   2525 |   3 | 1352.0 |
       Dungeon |   4056 |   3908 |    148 |    758 |   2525 |   3 | 1352.0 |
               +--------+--------+--------+--------+--------+-----+--------+

Top non-repeatable levels by time:
     D:1: 2290 daAuts
     D:2: 1292 daAuts
     D:3: 473 daAuts
